 Dungeon Crawl Stone Soup version 0.18-a0-1745-gffa9a88 (webtiles) character file.

119 namelastname112 the Skirmisher (level 4, 0/40 HPs)
             Began as a Draconian Abyssal Knight on Apr 11, 2016.
             Was a Believer of Lugonu.
             Slain by a wyvern skeleton (15 damage)
             ... on level 3 of the Dungeon.
             The game lasted 00:02:15 (1817 turns).

namelastname112 the Skirmisher (DrAK)               Turns: 1817, Time: 00:02:16

Health: 0/40       AC:  6    Str: 14    XL:     4   Next: 74%
Magic:  6/6        EV: 12    Int: 12    God:    Lugonu [**....]
Gold:   95         SH:  0    Dex: 12    Spells: 0 memorised, 3 levels left

rFire  . . .     SeeInvis .     a - +1 falchion
rCold  . . .     Gourm    .     (armour unavailable)
rNeg   . . .     Faith    .     (no shield)
rPois  .         Spirit   .     (helmet restricted)
rElec  .         Dismiss  .     g - +0 cloak
rCorr  .         Reflect  .     (no gloves)
SustAt .         Harm     .     (no boots)
MR     .....                    (no amulet)
Stlth  +.........               (no ring)
                                (no ring)

@: not resistant to hostile enchantments, very unstealthy
A: unfitting armour, cold-blooded, AC +5
a: Depart the Abyss, Bend Space, Renounce Religion


You were on level 3 of the Dungeon.
You worshipped Lugonu.
Lugonu was pleased with you.
You were not hungry.

You visited 1 branch of the dungeon, and saw 3 of its levels.
You visited the Abyss 1 time.

You collected 95 gold pieces.

Inventory:

Hand Weapons
 a - a +1 falchion (weapon)
Armour
 g - a +0 cloak (worn)
Wands
 l - a wand of acid (11/15)
Scrolls
 c - a scroll of blinking {unknown}
 h - a scroll of noise {unknown}
 p - a scroll of enchant weapon {unknown}
 q - a scroll of random uselessness {unknown}
Potions
 e - a potion of heal wounds {unknown}
 f - 2 potions of brilliance {unknown}
 k - a potion of agility {unknown}
 n - a potion of cancellation {unknown}
 o - a potion of ambrosia {unknown}
Comestibles
 b - 3 bread rations
 d - 2 beef jerkies
 i - a slice of pizza
 j - 3 chunks of flesh
 m - a meat ration


   Skills:
 + Level 3.8 Fighting
 * Level 3.6 Long Blades
 + Level 2.5 Dodging
 * Level 3.2 Invocations


You had 3 spell levels left.
You didn't know any spells.

Dungeon Overview and Level Annotations

Branches:
Dungeon (3/15)

Altars:
Cheibriados
Gozag
Qazlal
Trog
Zin


Innate Abilities, Weirdness & Mutations

Your plain brown scales are hard (AC +5).
Your body does not fit into most forms of armour.
You are cold-blooded and may be slowed by cold attacks.


Message History

A wyvern skeleton comes into view.
The bat hits you but does no damage.
You hit the bat.
You kill the bat!
Lugonu accepts your kill.
The wyvern skeleton bites you but does no damage.
You slash the wyvern skeleton! The wyvern skeleton bites you!
The wyvern skeleton bites you.
You hit the wyvern skeleton. You tail-slap the wyvern skeleton.
The wyvern skeleton bites you but does no damage.
You hit the wyvern skeleton.
Your tail-slap misses the wyvern skeleton.
The wyvern skeleton bites you.
A wyvern skeleton is nearby!
A wyvern skeleton is nearby!
A wyvern skeleton is nearby!
The wyvern skeleton misses you.
You see here an amethyst potion.
The wyvern skeleton bites you!
You die...

........##
.........#
.........#
.........#
.........#
#+#......#
#......#
.#.....Z# #
........@######.#
...........).<..#
..#..?....#####.#
..#.......# #
#.......#
#..$.....
#........#
.........#
#.#####..#


You could see a wyvern skeleton.

Vanquished Creatures
  Ijyb (D:3)
  3 adders (D:2)
  An ooze (D:1)
  A dart slug (D:1)
  4 worms
  3 giant geckos
  2 ball pythons
  2 giant cockroaches
  6 goblins
  8 hobgoblins
  A quokka (D:2)
  5 bats
  2 giant newts (D:2)
  6 kobolds
  5 rats (D:2)
50 creatures vanquished.

Notes
Turn   | Place    | Note
--------------------------------------------------------------
     0 | Abyss:1  | namelastname112 the Draconian Abyssal Knight began the quest for the Orb.
     0 | Abyss:1  | Reached XP level 1. HP: 19/19 MP: 2/2
    27 | Abyss:1  | Noticed a thrashing horror
    28 | D:1      | Escaped the Abyss
   351 | D:1      | Reached * piety under Lugonu
   367 | D:1      | Reached XP level 2. HP: 8/26 MP: 3/3
  1006 | D:1      | Reached XP level 3. HP: 22/31 MP: 4/4
  1260 | D:2      | Reached ** piety under Lugonu
  1357 | D:2      | Found a glowing silver altar of Zin.
  1358 | D:2      | Found an opulent altar of Gozag.
  1419 | D:2      | Found a snail-covered altar of Cheibriados.
  1429 | D:2      | Reached XP level 4. HP: 23/40 MP: 6/6
  1703 | D:2      | Found a bloodstained altar of Trog.
  1704 | D:2      | Found a stormy altar of Qazlal.
  1772 | D:3      | Noticed Ijyb
  1783 | D:3      | Killed Ijyb
  1817 | D:3      | Slain by a wyvern skeleton

Vault maps used:
D:1:      dpeg_arrival_tiny_a, serial_bayou_pond_e
D:2:      grunt_temple_overflow_gold_and_silver, old_standard_altar,
          gammafunk_temple_overflow_statue
D:3:      ecumenical_altar_1, uniq_iyjb
Abyss:1:  evilmike_abyss_exit_8

Skill      XL: |  1  2  3  4 |
---------------+-------------+-----
Long Blades    | 3 |  3.6
Invocations    | 3 |  3.2
Fighting       | |  3.8
Dodging        | |  2.5

Action                   |  1- 3 |  4- 6 || total
-------------------------+-------+-------++-------
Melee: Falchion          |   120 |    50 ||   170
Invok: Depart the Abyss  |     1 |       ||     1
 Stab: Sleeping          |     1 |     1 ||     2
  Eat: Chunk             |     2 |     1 ||     3
